 Seeded DCSS version 0.29.1-15-g9cfb28693d (webtiles) character file.

Game seed: 365351903424199887 (custom seed)

81 IndexError the Shooter (level 4, 0/28 HPs)
             Began as a Gargoyle Hunter on Mar 5, 2023.
             Killed from afar by Ijyb (2 damage)
             ... with a puff of flame
             ... on level 3 of the Dungeon.
             The game lasted 00:02:17 (2030 turns).

IndexError the Shooter (Gargoyle Hunter)            Turns: 2030, Time: 00:02:17

Health: 0/28       AC:  6    Str: 14    XL:     4   Next: 40%
Magic:  4/4        EV: 11    Int: 10    God:
Gold:   136        SH:  0    Dex: 15    Spells: 3/3 levels left

rFire   . . .      SeeInvis .   a - +0 shortbow
rCold   . . .      Faith    .   (shield currently unavailable)
rNeg    + . .      Spirit   .   c - +0 leather armour
rPois   ∞          Reflect  .   (no helmet)
rElec   +          Harm     .   (no cloak)
rCorr   .          Rampage  .   (no gloves)
Will    .....                   (no boots)
Stlth   ++........              (no amulet)
HPRegen 0.09/turn               (no ring)
MPRegen 0.09/turn               (no ring)

@: no status effects
A: sickness immunity, AC +3, negative energy resistance 1, electricity
resistance, torment resistance 1, petrification resistance
a: no special abilities


You were on level 3 of the Dungeon.
You visited 1 branch of the dungeon, and saw 3 of its levels.

You collected 136 gold pieces.

Inventory:

Hand Weapons
 a - a +0 shortbow (weapon)
Armour
 c - a +0 leather armour (worn)
Scrolls
 b - a scroll of immolation {!r}
 d - a scroll of blinking {unknown}
 f - a scroll of enchant weapon {unknown}
 g - 3 scrolls of acquirement {unknown}
 i - a scroll of torment {unknown}
 j - a scroll of identify {unknown}
 l - 3 scrolls of teleportation {unknown}
 m - a scroll of magic mapping {unknown}
Potions
 e - a potion of attraction {unknown}
 h - a potion of lignification {unknown}
 k - 2 potions of heal wounds {unknown}
 n - a potion of mutation {unknown}
 o - a potion of haste {unknown}


   Skills:
 + Level 3.3 Fighting
 * Level 5.2 Ranged Weapons
 - Level 1.5 Dodging
 - Level 1.1 Stealth


You had 3 spell levels left.
You didn't know any spells.
Your spell library contained the following spells:

 Spells                   Type           Power      Damage    Failure   Level
 Magic Dart               Conj           0%         1d3       43%         1
 Call Imp                 Summ           0%         N/A       58%         2
 Mephitic Cloud           Conj/Pois/Air  0%         N/A       82%         3


Dungeon Overview and Level Annotations

Branches:
Dungeon (3/15)

Altars:

Annotations:
D:3 Ijyb


Innate Abilities, Weirdness & Mutations

You are immune to sickness and miasma.
Your stone body is resilient. (AC +3)
You are immune to poison.
You resist negative energy. (rN+)
You are resistant to electric shocks. (rElec)
You are resistant to unholy torment.
You are immune to petrification.


Message History

You see here a scroll labelled PEORYI SUCE.
You shoot an arrow. The arrow hits the kobold.
No target in view!
No target in view!
No target in view!
n - a scroll labelled PEORYI SUCE
As you read the scroll labelled PEORYI SUCE, it crumbles to dust.
Magic quickly surges around you.
It was a scroll of vulnerability.
You see here a +0 mace.
An adder comes into view.
You shoot an arrow. The arrow hits the adder.
The adder hisses angrily.
You shoot an arrow. The arrow closely misses the adder.
You shoot an arrow. The arrow barely misses the adder.
The adder bites you but does no damage.
You shoot an arrow. The arrow hits the adder!
You have reached level 4!
You feel clever.
Health restored: 28; MP restored: 4 No target in view!
No target in view!
n - a smoky coppery potion
o - a glowing puce potion An adder comes into view.
You see here a grey potion.
An adder is nearby!
You shoot an arrow. The arrow hits the adder!
The adder hisses angrily.
You shoot an arrow. The arrow closely misses the adder.
You shoot an arrow. The arrow barely misses the adder.
The adder bites you.
You take 2 damage, and have 26/28 hp.
You shoot an arrow. The arrow hits the adder.
No target in view!
No target in view!
You feel your willpower return.
HP restored.
k - 2 grey potions (gained 1)
A hobgoblin comes into view.
Health restored: 28 A hobgoblin is nearby!
You shoot an arrow. The arrow hits the hobgoblin.
You shoot an arrow. The arrow barely misses the hobgoblin.
You shoot an arrow. The arrow closely misses the hobgoblin.
A giant cockroach comes into view.
You shoot an arrow. The arrow hits the hobgoblin!
You shoot an arrow. The arrow hits the giant cockroach!
No target in view!
No target in view!
You now have 136 gold pieces (gained 17).
Found an escape hatch in the ceiling.
An endoplasm comes into view.
A bat comes into view.
You shoot an arrow. The arrow hits the endoplasm.
You hear a shout!
You shoot an arrow. The arrow hits the bat!
Ijyb the Twisted Goblin comes into view.
She is wielding a +0 club and carrying a wand of flame (13).
You shoot an arrow. The arrow closely misses Ijyb.
You shoot an arrow. The arrow hits Ijyb.
You shoot an arrow. The arrow barely misses Ijyb.
You shoot an arrow. The arrow closely misses Ijyb.
Ijyb screams, "It's all mine!"
Ijyb barely misses you. Ijyb hits you with a +0 club.
You take 1 damage, and have 27/28 hp.
You shoot an arrow. The arrow closely misses Ijyb.
Ijyb zaps a wand.
The puff of flame hits you!
You take 8 damage, and have 19/28 hp.
MASSIVE DAMAGE!!
You shoot an arrow. The arrow barely misses Ijyb.
Ijyb zaps a wand.
The puff of flame hits you!
You take 10 damage, and have 9/28 hp.
MASSIVE DAMAGE!!
You are too injured to fight recklessly!
You are too injured to fight recklessly!
Fire: a) +0 shortbow
Press: ? - help, Q - select action Shift-Dir - straight line, f/p - Ijyb
Aim: Ijyb, wielding a +0 club, wearing a +0 leather armour and carrying a wand of flame (11) (lightly wounded, 55% to hit)
You shoot an arrow. The arrow barely misses Ijyb.
Ijyb hits you but does no damage.
Ijyb zaps a wand.
The puff of flame hits you.
* * * LOW HITPOINT WARNING * * *
You take 6 damage, and have 3/28 hp.
MASSIVE DAMAGE!!
Fire: a) +0 shortbow
Press: ? - help, Q - select action Shift-Dir - straight line, f/p - Ijyb
Aim: Ijyb, wielding a +0 club, wearing a +0 leather armour and carrying a wand of flame (10) (lightly wounded, 55% to hit)
You shoot an arrow. The arrow hits Ijyb.
Ijyb misses you.
Fire: a) +0 shortbow
Press: ? - help, Q - select action Shift-Dir - straight line, f/p - Ijyb
Aim: Ijyb, wielding a +0 club, wearing a +0 leather armour and carrying a wand of flame (10) (moderately wounded, 55% to hit)
You shoot an arrow. The arrow barely misses Ijyb.
Ijyb zaps a wand.
The puff of flame misses you.
Fire: a) +0 shortbow
Press: ? - help, Q - select action Shift-Dir - straight line, f/p - Ijyb
Aim: Ijyb, wielding a +0 club, wearing a +0 leather armour and carrying a wand of flame (9) (moderately wounded, 55% to hit)
You shoot an arrow. The arrow hits Ijyb.
Ijyb hits you with a +0 club.
* * * LOW HITPOINT WARNING * * *
You take 2 damage, and have 2/28 hp.
Ijyb is nearby!
Fire: a) +0 shortbow
Press: ? - help, Q - select action Shift-Dir - straight line, f/p - Ijyb
Aim: Ijyb, wielding a +0 club, wearing a +0 leather armour and carrying a wand of flame (9) (heavily wounded, 55% to hit)
You shoot an arrow. The arrow hits Ijyb.
Ijyb zaps a wand.
The puff of flame hits you.
You die...

### ............ ...
...........#
#######.#
#..........#
#.......#
......$...#### #.<#
#............ #....##
#....<....######....#
#...g.....#..<...#.
#####@###.##........#
#.......#.##.######.#
#..####.#.#.##.
#.........#.##.
#.........#.##.#
######....#.##.#
............>#
#.....####.#######
#..#..............


You could see Ijyb.

Vanquished Creatures
  3 adders
  A worm (D:2)
  A dart slug (D:1)
  4 ball pythons
  4 bats
  3 endoplasms
  3 giant cockroaches
  2 goblins
  7 hobgoblins
  3 jackals (D:1)
  3 quokkas
  3 frilled lizards
  4 kobolds
  4 rats
45 creatures vanquished.

Notes
Turn   | Place    | Note
-------+----------+-------------------------------------------
     0 | D:1      | IndexError the Gargoyle Hunter began the quest for the Orb.
     0 | D:1      | Reached XP level 1. HP: 12/12 MP: 1/1
   184 | D:1      | Reached XP level 2. HP: 17/18 MP: 2/2
   712 | D:1      | Reached XP level 3. HP: 22/22 MP: 3/3
  1083 | D:2      | Found a faded altar of an unknown god.
  1125 | D:2      | Reached skill level 3 in Fighting
  1673 | D:2      | Reached skill level 5 in Ranged Weapons
  1923 | D:3      | Reached XP level 4. HP: 28/28 MP: 4/4
  2019 | D:3      | Noticed Ijyb
  2026 | D:3      | HP: 3/28 [Ijyb/puff of flame (6)]
  2030 | D:3      | Killed from afar by Ijyb

Illustrated notes

Levels and vault maps discovered:
D:1:      dpeg_arrival_boxorama, layout_basic
D:2:      layout_rooms, basic_ecumenical_altar, minmay_misc_feat_roman
D:3:      layout_basic, serial_co_window_serial, co_window_paths_a,
          co_window_corner_a, co_window_paths_a, co_window_of_opportunity_a,
          co_window_paths_a, co_window_corner_ca, co_window_of_opportunity_b,
          co_window_2corner, co_window_4corner_a, glass_columns_a,
          kennysheep_generic_room_16, uniq_ijyb, uniq_crazy_yiuf_cottage

Skill      XL: |  1  2  3 |
---------------+----------+-----
Fighting       | 3 |  3.3
Ranged Weapons | 5 |  5.2
Dodging        | |  1.5
Stealth        | |  1.1

Action                   |  1- 3 |  4- 6 || total
-------------------------+-------+-------++-------
 Fire: Shortbow          |   120 |    22 ||   142
  Use: Scroll            |     1 |       ||     1
Armor: Leather armour    |    30 |     1 ||    31
Dodge: Dodged            |    41 |     3 ||    44

Table legend: (Time is in decaauts)
 A = Elapsed time spent in this place.
 B = Non-inter-level travel time spent in this place.
 C = Inter-level travel time spent in this place.
 D = Time resting spent in this place.
 E = Time spent auto-exploring this place.
 F = Levels seen in this place.
 G = Mean time per level.
                   A        B        C        D        E       F      G
               +--------+--------+--------+--------+--------+-----+--------+
         Total |   2072 |   1908 |    164 |      0 |   1647 |   3 |  690.7 |
       Dungeon |   2072 |   1908 |    164 |      0 |   1647 |   3 |  690.7 |
               +--------+--------+--------+--------+--------+-----+--------+

Top non-repeatable levels by time:
     D:1: 1219 daAuts
     D:2: 714 daAuts
     D:3: 138 daAuts

Table legend:
 A = Kills in this place as a percentage of kills in entire the game.
 B = Kills by you in this place as a percentage of kills by you in the entire game.
 C = Kills by friends in this place as a percentage of kills by friends in the entire game.
 D = Other kills in this place as a percentage of other kills in the entire game.
 E = Experience gained in this place as a percentage of experience gained in the entire game.
 F = Experience gained in this place divided by the number of levels of this place that you have seen.
                   A       B       C       D       E      F
               +-------+-------+-------+-------+-------+----------------------
         Total | 100.0 | 100.0 |   N/A |   N/A | 100.0 |  38.7
       Dungeon | 100.0 | 100.0 |   N/A |   N/A | 100.0 |  38.7
               +-------+-------+-------+-------+-------+----------------------
